 Dungeon Crawl Stone Soup version 0.27-a0-522-g46bbb28828 (webtiles) character file.

Game seed: 12805533650184345575

81 Frqise the Cutter (level 4, -2/29 HPs)
             Began as a Kobold Berserker on Mar 5, 2021.
             Was a Believer of Trog.
             Slain by an adder (3 damage)
             ... on level 2 of the Dungeon.
             The game lasted 00:04:35 (2402 turns).

Frqise the Cutter (Kobold Berserker)                Turns: 2402, Time: 00:04:36

Health: -2/29      AC:  3    Str: 15    XL:     4   Next: 68%
Magic:  4/4        EV: 15    Int:  8    God:    Trog [**....]
Gold:   111        SH:  0    Dex: 14    Spells: 3/3 levels left

rFire    . . .     SeeInvis .   a - +0 short sword
rCold    . . .     Faith    .   (shield restricted)
rNeg     . . .     Spirit   .   b - +0 animal skin
rPois    .         Reflect  .   (no helmet)
rElec    .         Harm     .   (no cloak)
rCorr    .         Rampage  .   (no gloves)
Will     ++...                  j - +0 pair of boots
Stlth    +++.......             (no amulet)
HPRegen  1.09/turn              (no ring)
MPRegen  0.09/turn              (no ring)

@: lethally poisoned (-2 -> -5), regenerating
A: small, nightstalker 3
a: Renounce Religion, Berserk, Trog's Hand


You were on level 2 of the Dungeon.
You worshipped Trog.
Trog was pleased with you.
You visited 1 branch of the dungeon, and saw 2 of its levels.

You collected 111 gold pieces.

Inventory:

Hand Weapons
 a - a +0 short sword (weapon)
Armour
 b - a +0 animal skin (worn)
 j - a +0 pair of boots (worn)
Jewellery
 g - a ring of willpower
Scrolls
 c - 2 scrolls of random uselessness {unknown}
 d - 2 scrolls of identify {unknown}
 f - a scroll of teleportation {unknown}
 h - a scroll of enchant weapon {unknown}
 i - a scroll of magic mapping {unknown}
Potions
 e - a potion of might {unknown}


   Skills:
 + Level 4.0 Fighting
 + Level 5.0 Short Blades
 + Level 1.7 Armour
 + Level 3.0 Dodging
 + Level 2.6 Stealth


You had 3 spell levels left.
You didn't know any spells.
Your spell library was empty.

Dungeon Overview and Level Annotations

Branches:
Dungeon (2/15)

Altars:

Annotations:
D:2 1 runed translucent door, Crazy Yiuf, Sigmund


Innate Abilities, Weirdness & Mutations

You are small and have problems with some larger weapons.
You are completely attuned to the shadows.


Message History

The adder barely misses you.
You barely miss the adder.
The adder is lightly wounded.
The adder closely misses you.
You completely miss the adder.
The adder is lightly wounded.
The adder bites you.
You hit the adder.
The adder is severely wounded.
The adder barely misses you.
Sigmund hits you from afar with a +3 scythe of venom.
You are poisoned.
You barely miss the adder.
The adder is severely wounded.
You feel sick. The adder closely misses you. Sigmund misses you.
You barely miss the adder.
The adder is severely wounded.
You feel sick. The adder misses you. The adder closely misses you.
You miss the adder.
The adder is severely wounded.
Sigmund closely misses you. The adder closely misses you.
You completely miss the adder.
The adder is severely wounded.
You feel sick. The adder bites you but does no damage.
You miss the adder.
The adder is severely wounded.
You feel sick. The adder closely misses you.
Sigmund hits you from afar with a +3 scythe of venom!
* * * LOW HITPOINT WARNING * * *
You are more poisoned.
You closely miss the adder.
The adder is severely wounded.
* * * LOW HITPOINT WARNING * * *
You feel sick. The adder closely misses you.
Unknown command.
Your skin crawls.
You feel strong-willed.
* * * LOW HITPOINT WARNING * * *
You feel sick. The adder bites you.
You die...

##.......##########.####
.)†.....................
.#>......##########.....
.........K........######
.#.......####........
.####.#.## #........
.####.#.# #........
....#.#.# ##........
.##.#.#.####..†.@S@..
.##.#................
.##.#.#######........
.......# #...#####
..)....# #...# ###.##.#
#### ###.##.# #.g)#
#......# #...# #.#.####
...


You could see Sigmund and an adder.

Vanquished Creatures
  A howler monkey (D:2)
  4 giant cockroaches
  6 goblins
  8 hobgoblins
  5 jackals (D:2)
  2 ball pythons (D:2)
  5 bats
  A frilled lizard (D:1)
  5 kobolds
  A rat (D:1)
38 creatures vanquished.

Notes
Turn   | Place    | Note
-------+----------+-------------------------------------------
     0 | D:1      | Frqise the Kobold Berserker began the quest for the Orb.
     0 | D:1      | Reached XP level 1. HP: 14/14 MP: 1/1
   120 | D:1      | Reached XP level 2. HP: 19/19 MP: 2/2
   759 | D:1      | Reached skill level 1 in Stealth
  1092 | D:1      | Reached XP level 3. HP: 18/24 MP: 3/3
  1559 | D:2      | Found a runed translucent door.
  1562 | D:2      | Noticed Crazy Yiuf
  1882 | D:2      | Found a faded altar of an unknown god.
  2119 | D:2      | Reached ** piety under Trog
  2120 | D:2      | Reached skill level 5 in Short Blades
  2120 | D:2      | Reached XP level 4. HP: 7/29 MP: 4/4
  2391 | D:2      | Noticed Sigmund
  2402 | D:2      | HP: 1/29 [poisoned by Sigmund]
  2402 | D:2      | Slain by an adder

Illustrated notes

Levels and vault maps discovered:
D:1:      erik_arrival_blinker_ship, layout_basic, chequers_avenue
D:2:      layout_loops_ring, chequers_ecumenical_altar_simple_redux,
          minmay_hexomino_p4, uniq_sigmund, uniq_crazy_yiuf_cottage

Skill      XL: |  1  2  3 |
---------------+----------+-----
Stealth        | 1 2 |  2.6
Fighting       | 4 |  4.0
Short Blades   | 5 |  5.0
Dodging        | 3 |  3.0
Armour         | |  1.7

Action                   |  1- 3 |  4- 6 || total
-------------------------+-------+-------++-------
Melee: Short sword       |   111 |    23 ||   134
Invok: Trog's Hand       |       |     1 ||     1
 Stab: Sleeping          |    11 |       ||    11
Armor: Animal skin       |     8 |     3 ||    11
Dodge: Dodged            |    79 |    27 ||   106

Table legend: (Time is in decaauts)
 A = Elapsed time spent in this place.
 B = Non-inter-level travel time spent in this place.
 C = Inter-level travel time spent in this place.
 D = Time resting spent in this place.
 E = Time spent auto-exploring this place.
 F = Levels seen in this place.
 G = Mean time per level.
                   A        B        C        D        E       F      G
               +--------+--------+--------+--------+--------+-----+--------+
         Total |   2385 |   2385 |      0 |    939 |    970 |   2 | 1192.5 |
       Dungeon |   2385 |   2385 |      0 |    939 |    970 |   2 | 1192.5 |
               +--------+--------+--------+--------+--------+-----+--------+

Top non-repeatable levels by time:
     D:1: 1654 daAuts
     D:2: 730 daAuts
